 Dungeon Crawl Stone Soup version 0.31.0-11-ge490571c62 (webtiles) character file.

Game seed: 11132677210311033848

99 qw the Shooter (level 4, -5/25 HPs)
             Began as a Deep Elf Hunter on Feb 3, 2024.
             Slain by Terence
             ... wielding a +2 mace of protection
              (7 damage)
             ... on level 3 of the Dungeon.
             The game lasted 00:00:09 (2061 turns).

qw the Shooter (Deep Elf Hunter)                    Turns: 2061, Time: 00:00:10

Health: -5/25      AC: 12    Str: 10    XL:     4   Next: 45%
Magic:  6/6        EV: 11    Int: 14    God:
Gold:   55         SH:  0    Dex: 18    Spells: 3/3 levels left

rFire   . . .        a - +0 shortbow
rCold   . . .        (shield currently unavailable)
rNeg    . . .        d - +0 ring mail
rPois   .            (no helmet)
rElec   .            (no cloak)
rCorr   .            i - +2 pair of gloves
SInv    .            (no boots)
Will    .....        (no amulet)
Stlth   +            e - +4 ring of protection
HPRegen 0.24/turn    (no ring)
MPRegen 0.10/turn

%: no passive effects
@: no status effects
A: no striking features
a: no special abilities


You were on level 3 of the Dungeon.
You visited 1 branch of the dungeon, and saw 3 of its levels.

You collected 150 gold pieces.
You spent 95 gold pieces at shops.


   Skills:
 - Level 1.5 Fighting
 + Level 7.9 Ranged Weapons
 - Level 2.4 Dodging
 - Level 1.2 Stealth


You had 3 spell levels left.
You didn't know any spells.
Your spell library was empty.

Inventory:

Hand Weapons
 a - a +0 shortbow (weapon)
Armour
 d - a +0 ring mail (worn)
 i - a +2 pair of gloves (worn)
Jewellery
 e - a +4 ring of protection (left hand)
 f - a ring of positive energy
Scrolls
 h - a scroll of enchant weapon {unknown}
 j - a scroll of torment {unknown}
 k - a scroll of poison {unknown}
Potions
 b - a potion of cancellation
 c - 3 potions of haste
 g - 2 potions of enlightenment

Dungeon Overview and Level Annotations

Branches:
Dungeon (3/15)

Altars:
Ru

Shops:
D:1 ***   D:3 !

Annotations:
D:3 Terence


Message History

Terence is lightly wounded.
Terence hits you with a +2 mace of protection.
You shoot an arrow.
The arrow hits Terence but does no damage.
Terence is lightly wounded.
Terence hits you with a +2 mace of protection.
You shoot an arrow. The arrow hits Terence!
Terence is heavily wounded.
Terence misses you.
You shoot an arrow. The arrow closely misses Terence.
The arrow closely misses the kobold.
Terence misses you.
Terence hits you with a +2 mace of protection.
You shoot an arrow. The arrow hits Terence.
Terence is heavily wounded.
Terence hits you with a +2 mace of protection.
You shoot an arrow.
The arrow hits Terence but does no damage.
Terence is heavily wounded.
Terence hits you but does no damage.
You shoot an arrow. The arrow hits Terence.
Terence is severely wounded.
Terence misses you.
You shoot an arrow.
The arrow hits Terence but does no damage.
Terence is severely wounded.
Terence hits you with a +2 mace of protection.
You shoot an arrow. The arrow barely misses Terence.
The arrow hits the kobold.
The kobold is moderately wounded.
Terence misses you.
You shoot an arrow. The arrow closely misses Terence.
The arrow hits the kobold but does no damage.
The kobold is moderately wounded.
Terence hits you but does no damage. x2
You shoot an arrow.
The arrow hits Terence but does no damage.
Terence is severely wounded.
Terence hits you with a +2 mace of protection!
You die...
Terence says, "Time to find some more victims."

#### #.#
##%## # ###
#...### #
###...## #
###..## #
##..# # .
##.# # 8..
###.# #
....$##...#
..8..K@@..#
.....##..##
## 8.. ####
.## . #.#
#.# #.#
#.## ...#


You could see Terence and a kobold.

Vanquished Creatures
  An orc wizard (D:3)
  An adder (D:3)
  A dart slug (D:1)
  A ribbon worm (D:3)
  4 orcs (D:3)
  4 bats
  7 endoplasms
  3 giant cockroaches
  6 hobgoblins
  4 jackals (D:2)
  3 ball pythons
  3 frilled lizards
  6 goblins
  8 kobolds
  2 rats
54 creatures vanquished.

Notes
Turn   | Place    | Note
-------+----------+-------------------------------------------
     0 | D:1      | qw the Deep Elf Hunter began the quest for the Orb.
     0 | D:1      | Reached XP level 1. HP: 12/12 MP: 3/3
     0 | D:1      | 0 ||| qw: Version: 0.3-a-157-g843a77d
     0 | D:1      | 0 ||| qw: Game counter: 3853
     0 | D:1      | 0 ||| qw: Melee chars always use a shield: true
     0 | D:1      | 0 ||| qw: God list: Okawaru
     0 | D:1      | 0 ||| qw: Allow faded altars: false
     0 | D:1      | 0 ||| qw: Do Orc after clearing Dungeon:15 true
     0 | D:1      | 0 ||| qw: Do second Lair branch before Depths: true
     0 | D:1      | 0 ||| qw: Lair rune preference: random
     0 | D:1      | 0 ||| qw: Goals: Normal
     0 | D:1      | 0 ||| PLANNING D:1-11
    83 | D:1      | Found Januotib's Assorted Antiques.
    94 | D:1      | 94 ||| SHOPLISTING grey potion (25 gold, have 14).
    94 | D:1      | 94 ||| SHOPLISTING ring mail (112 gold, have 14).
    94 | D:1      | 94 ||| SHOPLISTING scroll labelled ZOROTYEXZE (28 gold,
                  | have 14).
    94 | D:1      | 94 ||| SHOPLISTING shiny bronze wand (112 gold, have 14).
   130 | D:1      | 130 ||| RETREEEEATING.
   131 | D:1      | 131 ||| RETREEEEATING.
   133 | D:1      | Reached XP level 2. HP: 16/16 MP: 4/4
   134 | D:1      | Reached skill level 6 in Ranged Weapons
   265 | D:1      | You fall into a shaft and drop 1 floor!
   305 | D:2      | Found a sacrificial altar of Ru.
   357 | D:2      | 357 ||| UPGRADING to +0 ring mail.
   367 | D:2      | 367 ||| DROPPING +0 leather armour.
   368 | D:2      | 368 ||| READING scroll labelled YFRION LUMA.
   469 | D:2      | 469 ||| READING scroll labelled POCEPTIRIEH.
   470 | D:2      | 470 ||| DROPPING scroll of butterflies.
   506 | D:1      | Found Loagheri's Assorted Antiques.
   508 | D:1      | Reached XP level 3. HP: 20/20 MP: 5/5
   567 | D:1      | 567 ||| SHOPLISTING blackened gold wand (92 gold, have 41).
   567 | D:1      | 567 ||| SHOPLISTING copper ring (115 gold, have 41).
   567 | D:1      | 567 ||| BUYING fizzy black potion (20 gold).
   567 | D:1      | Bought a fizzy black potion for 20 gold pieces
   567 | D:1      | 567 ||| BUYING glowing silvery potion (20 gold).
   567 | D:1      | Bought a glowing silvery potion for 20 gold pieces
   567 | D:1      | 567 ||| SHOPLISTING scroll labelled FAROD BAKHAS (23 gold,
                  | have 1).
   578 | D:1      | Found Kiocku's Assorted Antiques.
   586 | D:1      | 586 ||| SHOPLISTING blackened gold wand (100 gold, have 1).
   586 | D:1      | 586 ||| SHOPLISTING bubbling pink potion (22 gold, have 1).
  1261 | D:2      | Reached skill level 7 in Ranged Weapons
  1420 | D:2      | 1420 ||| UPGRADING to +1 pair of gloves.
  1425 | D:2      | 1425 ||| UPGRADING to +4 ring of protection.
  1426 | D:2      | 1426 ||| READING scroll labelled CURYMUADEGH.
  1426 | D:2      | 1426 ||| ENCHANTING +1 pair of gloves.
  1427 | D:2      | 1427 ||| READING 3 scrolls labelled VAUPNO TUDWEHE.
  1427 | D:2      | 1427 ||| IDENTIFYING fizzy black potion
  1428 | D:2      | 1428 ||| READING 2 scrolls of identify.
  1428 | D:2      | 1428 ||| IDENTIFYING fizzy cyan potion
  1429 | D:2      | 1429 ||| READING scroll of identify.
  1429 | D:2      | 1429 ||| IDENTIFYING 2 glowing silvery potions
  1430 | D:2      | 1430 ||| READING scroll labelled TIPOOSHR HAEWA.
  1431 | D:2      | 1431 ||| READING scroll labelled WINKIF POZISK.
  1432 | D:2      | 1432 ||| DRINKING 2 fuming dark potions.
  1433 | D:2      | 1433 ||| DROPPING potion of degeneration.
  1583 | D:3      | Found Pavuash's Distillery.
  1598 | D:3      | 1598 ||| SHOPLISTING potion of cancellation (88 gold, have
                  | 77).
  1598 | D:3      | 1598 ||| BUYING potion of enlightenment (55 gold).
  1598 | D:3      | Bought a potion of enlightenment for 55 gold pieces
  1598 | D:3      | 1598 ||| SHOPLISTING potion of might (44 gold, have 22).
  1598 | D:3      | 1598 ||| SHOPLISTING potion of resistance (110 gold, have
                  | 22).
  1654 | D:3      | Reached XP level 4. HP: 22/25 MP: 6/6
  1676 | D:3      | Found a faded altar of an unknown god.
  1704 | D:3      | 1704 ||| FLEEEEING.
  2042 | D:3      | Noticed Terence
  2052 | D:3      | HP: 6/25 [Terence/+2 mace of protection (6)]
  2058 | D:3      | HP: 1/25 [Terence/+2 mace of protection (4)]
  2061 | D:3      | Slain by Terence

Levels and vault maps discovered:
D:1:      eino_arrival_cavern_c, layout_basic, serial_shops, shop, shop,
          nicolae_shop_advertising_works [nicolae_subvault_shop_adworks]
D:2:      layout_basic, basic_altar, serial_bayou_lagoon_b
D:3:      layout_loops_ring, minmay_overflow_temple_star_hex,
          shapermc_ecumenical_altar_gd, serial_shops, shop, uniq_terence

Skill      XL: |  1  2  3 |
---------------+----------+-----
Ranged Weapons | 6 7 |  7.9
Fighting       | |  1.5
Dodging        | |  2.4
Stealth        | |  1.2

Action                     |  1- 3 |  4- 6 || total
---------------------------+-------+-------++-------
   Fire: Shortbow          |   124 |    59 ||   183
    Use: Scroll            |     8 |       ||     8
         Potion            |     1 |       ||     1
 Armour: Leather armour    |     8 |       ||     8
         Ring mail         |    22 |    31 ||    53
  Dodge: Dodged            |    34 |    16 ||    50

Table legend:
 A = Non-vault XP
 B = Vault XP
 C = Vault XP percentage of total XP
 D = Non-vault monster count
 E = Vault monster count
 F = Vault count percentage of total count
                 A         B        C        D         E       F
            +---------+---------+-------+---------+---------+-------
      Total |     142 |       0 |   0.0 |      54 |       0 |   0.0
            +---------+---------+-------+---------+---------+-------
        D:1 |      36 |       0 |   0.0 |      22 |       0 |   0.0
        D:2 |      31 |       0 |   0.0 |      18 |       0 |   0.0
        D:3 |      75 |       0 |   0.0 |      14 |       0 |   0.0
            +---------+---------+-------+---------+---------+-------
